Wild vs Blues

Created - November 5 2011 at 00:24

Goals
1 2 3 OT1 SO T
Wild 2 1 0 0 1 4
Blues 1 1 1 0 0 3
Shots
1 2 3 OT1 SO T
Wild 9 7 3 0 4 19
Blues 9 6 9 4 4 28

Period #1

1. Wild , Mikhail Grabovski 7 (Ruslan Fedotenko, Chad LaRose) at 0:31 (PP)
2. Blues , Daymond Langkow 2 (Dennis Wideman) at 1:07
3. Wild , Bobby Ryan 12 (Ryan Whitney, Erik Cole) at 4:23

Penalties :
Saku Koivu (STL) for Holding (Minor) at 0:20, Steve Ott (STL) for Interference (Minor) at 6:01, Robyn Regehr (STL) for Hooking (Minor) at 6:32, Ed Jovanovski (MIN) for Hooking (Minor) at 9:32, Erik Cole (MIN) for Tripping (Minor) at 17:14, Tom Gilbert (MIN) for Hooking (Minor) at 18:36

Period #2

4. Blues , Alexander Frolov 1 (Kristian Huselius, Saku Koivu) at 10:59
5. Wild , Mikhail Grabovski 8 (Michal Rozsival, Joni Pitkanen) at 16:35

Penalties :
Milan Jurcina (STL) for Holding (Minor) at 11:20, Jerred Smithson (STL) for Interference (Minor) at 13:45

Period #3

6. Blues , Milan Jurcina 3 (Saku Koivu, Kristian Huselius) at 1:15

Penalties :
Ruslan Fedotenko (MIN) for Tripping (Minor) at 3:33, Bobby Ryan (MIN) for Tripping (Minor) at 7:12, Ryan Whitney (MIN) for Tripping (Minor) at 14:08, Mikhail Grabovski (MIN) for Holding (Minor) at 14:29

Overtime #1

No Goal

Penalties :
No Penalty

Shootout

Penalty Shot by Bobby Ryan for Wild - Stopped by Jonathan Quick
Penalty Shot by Jussi Jokinen for Blues - Stopped by Roberto Luongo
Penalty Shot by Erik Cole for Wild - Stopped by Jonathan Quick
Penalty Shot by Kristian Huselius for Blues - Stopped by Roberto Luongo
Penalty Shot by Mikhail Grabovski for Wild - Stopped by Jonathan Quick
Penalty Shot by Chris Kunitz for Blues - Shot Misses the Net
Penalty Shot by Christopher Higgins for Wild - Goal!
Penalty Shot by Saku Koivu for Blues - Shot Misses the Net

Penalties :
No Penalty

Goalie Stats

Roberto Luongo (MIN), 25 saves from 28 shots - (0.893), W, 7-8-0, 65:00 minutes
Jonathan Quick (STL), 16 saves from 19 shots - (0.842), OTL, 4-2-2, 65:00 minutes

Players Stats

Wild
Player Name              G  A  P  +/- PIM S  H  SB FO    MP 
------------------------------------------------------------
Adam Foote               0  0  0  -2  0   0  4  3  0/0   18 
Bobby Ryan               1  0  1   1  2   4  3  0  14/29 23 
Brian Willsie            0  0  0  -1  0   1  0  0  1/1   13 
Chad LaRose              0  1  1  -1  0   1  1  0  0/2   18 
Christopher Higgins      0  0  0   1  0   0  1  0  0/0   21 
Ed Jovanovski            0  0  0   1  2   2  0  1  0/0   22 
Erik Cole                0  1  1   1  2   4  5  2  0/3   22 
Joel Ward                0  0  0  -2  0   2  2  0  1/2   19 
Joni Pitkanen            0  1  1   0  0   0  1  0  0/0   21 
Marc-Andre Bergeron      0  0  0   0  0   1  0  0  0/0   3  
Michal Rozsival          0  1  1   0  0   0  1  1  0/0   17 
Mike Modano              0  0  0   0  0   0  0  0  3/6   6  
Mikhail Grabovski        2  0  2   0  2   3  1  0  12/30 22 
Niclas Wallin            0  0  0   0  0   0  1  0  0/0   5  
Nik Antropov             0  0  0  -2  0   0  0  0  4/12  14 
Ruslan Fedotenko         0  1  1   0  2   0  1  0  1/1   19 
Ryan Whitney             0  1  1   1  2   1  0  1  0/0   22 
Tom Gilbert              0  0  0  -2  2   0  0  0  0/0   20 
Blues
Player Name              G  A  P  +/- PIM S  H  SB FO    MP 
------------------------------------------------------------
Alexander Frolov         1  0  1   1  0   1  3  0  0/1   13 
Chris Kunitz             0  0  0   0  0   0  1  0  1/1   17 
Daymond Langkow          1  0  1   1  0   2  0  0  6/8   11 
Dennis Wideman           0  1  1   1  0   0  1  2  0/0   26 
Jean-Pierre Dumont       0  0  0  -1  0   2  1  0  0/1   13 
Jerred Smithson          0  0  0   1  2   0  1  1  2/4   9  
Jussi Jokinen            0  0  0  -1  0   3  1  0  15/24 21 
Kent Huskins             0  0  0  -1  0   0  1  0  0/0   18 
Kristian Huselius        0  2  2   1  0   5  0  0  0/0   21 
Mark Fayne               0  0  0   1  0   1  0  1  0/0   17 
Matthew Lombardi         0  0  0   1  0   0  0  0  3/3   9  
Mikael Backlund          0  0  0  -1  0   3  0  0  6/14  21 
Milan Jurcina            1  0  1   2  2   4  1  1  0/0   22 
Robyn Regehr             0  0  0   1  2   0  3  0  0/0   22 
Saku Koivu               0  2  2   2  2   5  1  0  17/30 23 
Steve Ott                0  0  0   0  2   0  3  0  0/0   16 
Todd Bertuzzi            0  0  0  -1  0   0  0  0  0/0   13 
Yannick Weber            0  0  0  -2  0   2  1  0  0/0   20 

3 Stars

1 - Mikhail Grabovski (MIN)
2 - Alexander Frolov (STL)
3 - Milan Jurcina (STL)

Power Play

Wild - 1 on 5 Attempt(s) - 20.00%
Blues - 0 on 7 Attempt(s) - 0.00%

Penalty Kill

Wild - 7 on 7 Attempt(s) - 100.00% - Score 0 goal in Penalty Kill
Blues - 4 on 5 Attempt(s) - 80.00% - Score 0 goal in Penalty Kill

Game Notes

No Game Note

Finance

Level 1 -- Attendance: 6500 (100.00%) -- Ticket Income $390,000.00
Level 2 -- Attendance: 5000 (100.00%) -- Ticket Income $150,000.00
Level 3 -- Attendance: 3500 (100.00%) -- Ticket Income $87,500.00
Level 4 -- Attendance: 2750 (91.00%) -- Ticket Income $41,250.00
Luxury Box -- Attendance: 974 (97.40%) -- Ticket Income $116,880.00
Game was played at the Scottrade Center
Total Attendance: 18724 (98.43%)
Total Ticket Income: $850,183.60
Other Income: $211,597.50
Total Income: $1,061,782.00


Play by Play

Period #1

0:01 of 1st period - Jussi Jokinen wins face-off versus Bobby Ryan in neutral zone.
0:06 of 1st period - Shot by Jussi Jokinen.
0:06 of 1st period - Shot Misses the Net.
0:15 of 1st period - Icing by Ryan Whitney.
0:16 of 1st period - Saku Koivu wins face-off versus Bobby Ryan in Wild zone.
0:20 of 1st period - Minor Penalty to Saku Koivu for Holding.
0:21 of 1st period - Mikhail Grabovski wins face-off versus Jussi Jokinen in Blues zone.
0:24 of 1st period - Shot by Marc-Andre Bergeron.
0:24 of 1st period - Shot Misses the Net.
0:26 of 1st period - Shot by Chad LaRose.
0:26 of 1st period - Stopped by Jonathan Quick with a rebound.
0:31 of 1st period - Shot by Mikhail Grabovski.
0:31 of 1st period - Goal by Mikhail Grabovski - Wild : 1 - Blues : 0.
0:32 of 1st period - Daymond Langkow wins face-off versus Nik Antropov in neutral zone.
0:43 of 1st period - Shot by Daymond Langkow.
0:43 of 1st period - Shot Blocked by Adam Foote.
1:07 of 1st period - Shot by Daymond Langkow.
1:07 of 1st period - Goal by Daymond Langkow - Wild : 1 - Blues : 1.
1:08 of 1st period - Bobby Ryan wins face-off versus Saku Koivu in neutral zone.
1:25 of 1st period - Bobby Ryan is hit by Milan Jurcina.
1:35 of 1st period - Shot by Ed Jovanovski.
1:35 of 1st period - Shot Misses the Net.
1:39 of 1st period - Shot by Ed Jovanovski.
1:39 of 1st period - Stopped by Jonathan Quick without a rebound.
1:40 of 1st period - Mikhail Grabovski wins face-off versus Mikael Backlund in Blues zone.
3:05 of 1st period - Shot by Jussi Jokinen.
3:05 of 1st period - Stopped by Roberto Luongo without a rebound.
3:06 of 1st period - Saku Koivu wins face-off versus Bobby Ryan in Wild zone.
3:10 of 1st period - Icing by Ed Jovanovski.
3:11 of 1st period - Bobby Ryan wins face-off versus Saku Koivu in Wild zone.
3:30 of 1st period - Shot by Bobby Ryan.
3:30 of 1st period - Shot Blocked by Milan Jurcina.
3:34 of 1st period - Shot by Ryan Whitney.
3:34 of 1st period - Deflect By Erik Cole.
3:34 of 1st period - Shot Blocked by Mark Fayne.
3:38 of 1st period - Shot by Bobby Ryan.
3:38 of 1st period - Stopped by Jonathan Quick without a rebound.
3:39 of 1st period - Daymond Langkow wins face-off versus Nik Antropov in Blues zone.
3:39 of 1st period - Daymond Langkow is hit by Joel Ward.
4:05 of 1st period - Shot by Daymond Langkow.
4:05 of 1st period - Stopped by Roberto Luongo without a rebound.
4:06 of 1st period - Bobby Ryan wins face-off versus Mikael Backlund in Wild zone.
4:23 of 1st period - Shot by Bobby Ryan.
4:23 of 1st period - Goal by Bobby Ryan - Wild : 2 - Blues : 1.
4:24 of 1st period - Nik Antropov wins face-off versus Saku Koivu in neutral zone.
4:55 of 1st period - Off-side.
4:56 of 1st period - Jussi Jokinen wins face-off versus Bobby Ryan in neutral zone.
4:59 of 1st period - Ed Jovanovski is hit by Steve Ott and loses puck.
5:08 of 1st period - Shot by Bobby Ryan.
5:08 of 1st period - Shot Misses the Net.
5:12 of 1st period - Shot by Erik Cole.
5:12 of 1st period - Stopped by Jonathan Quick without a rebound.
5:13 of 1st period - Mikhail Grabovski wins face-off versus Mikael Backlund in Blues zone.
6:01 of 1st period - Minor Penalty to Steve Ott for Interference.
6:02 of 1st period - Bobby Ryan wins face-off versus Jerred Smithson in Blues zone.
6:07 of 1st period - Shot by Bobby Ryan.
6:07 of 1st period - Shot Misses the Net.
6:09 of 1st period - Shot by Ryan Whitney.
6:09 of 1st period - Shot Blocked by Dennis Wideman.
6:11 of 1st period - Shot by Bobby Ryan.
6:11 of 1st period - Stopped by Jonathan Quick without a rebound.
6:12 of 1st period - Jerred Smithson wins face-off versus Bobby Ryan in Blues zone.
6:32 of 1st period - Minor Penalty to Robyn Regehr for Hooking.
6:33 of 1st period - Saku Koivu wins face-off versus Mikhail Grabovski in Blues zone.
7:29 of 1st period - Icing by Bobby Ryan.
7:30 of 1st period - Bobby Ryan wins face-off versus Saku Koivu in Wild zone.
8:19 of 1st period - Shot by Marc-Andre Bergeron.
8:19 of 1st period - Shot Misses the Net.
8:21 of 1st period - Shot by Chad LaRose.
8:21 of 1st period - Shot Blocked by Jerred Smithson.
8:23 of 1st period - Shot by Tom Gilbert.
8:23 of 1st period - Shot Misses the Net.
8:27 of 1st period - Shot by Joel Ward.
8:27 of 1st period - Stopped by Jonathan Quick without a rebound.
8:28 of 1st period - Bobby Ryan wins face-off versus Mikael Backlund in Blues zone.
8:35 of 1st period - Shot by Nik Antropov.
8:35 of 1st period - Shot Misses the Net.
8:53 of 1st period - Shot by Saku Koivu.
8:53 of 1st period - Shot Blocked by Adam Foote.
9:25 of 1st period - Shot by Jussi Jokinen.
9:25 of 1st period - Stopped by Roberto Luongo without a rebound.
9:26 of 1st period - Bobby Ryan wins face-off versus Mikael Backlund in Wild zone.
9:32 of 1st period - Minor Penalty to Ed Jovanovski for Hooking.
9:33 of 1st period - Saku Koivu wins face-off versus Mikhail Grabovski in Wild zone.
9:52 of 1st period - Shot by Saku Koivu.
9:52 of 1st period - Shot Blocked by Ryan Whitney.
9:54 of 1st period - Shot by Mikael Backlund.
9:54 of 1st period - Shot Misses the Net.
9:58 of 1st period - Shot by Saku Koivu.
9:58 of 1st period - Shot Misses the Net.
10:02 of 1st period - Shot by Kristian Huselius.
10:02 of 1st period - Stopped by Roberto Luongo without a rebound.
10:03 of 1st period - Chris Kunitz wins face-off versus Mike Modano in Wild zone.
10:47 of 1st period - Icing by Saku Koivu.
10:48 of 1st period - Mikhail Grabovski wins face-off versus Saku Koivu in Blues zone.
10:48 of 1st period - Mikhail Grabovski is hit by Robyn Regehr.
10:57 of 1st period - Icing by Robyn Regehr.
10:58 of 1st period - Mike Modano wins face-off versus Saku Koivu in Blues zone.
12:38 of 1st period - Shot by Joel Ward.
12:38 of 1st period - Stopped by Jonathan Quick with a rebound.
14:44 of 1st period - Off-side.
14:45 of 1st period - Saku Koivu wins face-off versus Nik Antropov in neutral zone.
14:53 of 1st period - Shot by Saku Koivu.
14:53 of 1st period - Shot Misses the Net.
14:57 of 1st period - Shot by Saku Koivu.
14:57 of 1st period - Shot Misses the Net.
14:59 of 1st period - Shot by Mark Fayne.
14:59 of 1st period - Stopped by Roberto Luongo without a rebound.
15:00 of 1st period - Matthew Lombardi wins face-off versus Mikhail Grabovski in Wild zone.
15:00 of 1st period - Matthew Lombardi is hit by Michal Rozsival.
15:31 of 1st period - Icing by Matthew Lombardi.
15:32 of 1st period - Daymond Langkow wins face-off versus Joel Ward in Blues zone.
16:06 of 1st period - Shot by Kristian Huselius.
16:06 of 1st period - Stopped by Roberto Luongo without a rebound.
16:07 of 1st period - Jussi Jokinen wins face-off versus Mikhail Grabovski in Wild zone.
16:38 of 1st period - Off-side.
16:39 of 1st period - Saku Koivu wins face-off versus Bobby Ryan in neutral zone.
16:50 of 1st period - Kristian Huselius is hit by Erik Cole and loses puck.
17:14 of 1st period - Minor Penalty to Erik Cole for Tripping.
17:15 of 1st period - Mike Modano wins face-off versus Jussi Jokinen in Wild zone.
17:45 of 1st period - Off-side.
17:46 of 1st period - Saku Koivu wins face-off versus Mikhail Grabovski in neutral zone.
18:11 of 1st period - Shot by Mikael Backlund.
18:11 of 1st period - Shot Misses the Net.
18:13 of 1st period - Shot by Kent Huskins.
18:13 of 1st period - Shot Misses the Net.
18:15 of 1st period - Shot by Saku Koivu.
18:15 of 1st period - Stopped by Roberto Luongo without a rebound.
18:16 of 1st period - Jussi Jokinen wins face-off versus Mikhail Grabovski in Wild zone.
18:33 of 1st period - Shot by Dennis Wideman.
18:33 of 1st period - Shot Blocked by Ed Jovanovski.
18:36 of 1st period - Minor Penalty to Tom Gilbert for Hooking.
18:37 of 1st period - Saku Koivu wins face-off versus Bobby Ryan in Wild zone.
19:32 of 1st period - Shot by Jussi Jokinen.
19:32 of 1st period - Stopped by Roberto Luongo without a rebound.
19:33 of 1st period - Mikhail Grabovski wins face-off versus Jussi Jokinen in Wild zone.

Period #2

0:01 of 2nd period - Jussi Jokinen wins face-off versus Mike Modano in neutral zone.
0:01 of 2nd period - Dennis Wideman is hit by Joel Ward and loses puck.
0:52 of 2nd period - Shot by Mikael Backlund.
0:52 of 2nd period - Stopped by Roberto Luongo without a rebound.
0:53 of 2nd period - Daymond Langkow wins face-off versus Nik Antropov in Wild zone.
1:12 of 2nd period - Off-side.
1:13 of 2nd period - Mikhail Grabovski wins face-off versus Jean-Pierre Dumont in neutral zone.
1:41 of 2nd period - Shot by Yannick Weber.
1:41 of 2nd period - Stopped by Roberto Luongo without a rebound.
1:42 of 2nd period - Nik Antropov wins face-off versus Saku Koivu in Wild zone.
2:43 of 2nd period - Icing by Ed Jovanovski.
2:44 of 2nd period - Jussi Jokinen wins face-off versus Bobby Ryan in Wild zone.
4:36 of 2nd period - Chad LaRose is hit by Yannick Weber and loses puck.
5:20 of 2nd period - Shot by Erik Cole.
5:20 of 2nd period - Stopped by Jonathan Quick without a rebound.
5:21 of 2nd period - Saku Koivu wins face-off versus Mikhail Grabovski in Blues zone.
5:42 of 2nd period - Shot by Saku Koivu.
5:42 of 2nd period - Stopped by Roberto Luongo without a rebound.
5:43 of 2nd period - Bobby Ryan wins face-off versus Daymond Langkow in Wild zone.
5:48 of 2nd period - Matthew Lombardi is hit by Erik Cole and loses puck.
7:13 of 2nd period - Icing by Michal Rozsival.
7:14 of 2nd period - Brian Willsie wins face-off versus Mikael Backlund in Wild zone.
8:04 of 2nd period - Shot by Erik Cole.
8:04 of 2nd period - Stopped by Jonathan Quick with a rebound.
8:06 of 2nd period - Shot by Ryan Whitney.
8:06 of 2nd period - Stopped by Jonathan Quick without a rebound.
8:07 of 2nd period - Daymond Langkow wins face-off versus Chad LaRose in Blues zone.
8:37 of 2nd period - Off-side.
8:38 of 2nd period - Saku Koivu wins face-off versus Erik Cole in neutral zone.
9:19 of 2nd period - Erik Cole is hit by Alexander Frolov and loses puck.
9:51 of 2nd period - Icing by Joni Pitkanen.
9:52 of 2nd period - Mikael Backlund wins face-off versus Mikhail Grabovski in Wild zone.
9:57 of 2nd period - Shot by Jean-Pierre Dumont.
9:57 of 2nd period - Stopped by Roberto Luongo without a rebound.
9:58 of 2nd period - Mikael Backlund wins face-off versus Nik Antropov in Wild zone.
9:58 of 2nd period - Mikael Backlund is hit by Adam Foote.
10:05 of 2nd period - Todd Bertuzzi is hit by Adam Foote and loses puck.
10:21 of 2nd period - Mikael Backlund is hit by Adam Foote and loses puck.
10:37 of 2nd period - Jean-Pierre Dumont is hit by Adam Foote and loses puck.
10:59 of 2nd period - Shot by Kristian Huselius.
10:59 of 2nd period - Deflect By Alexander Frolov.
10:59 of 2nd period - Goal by Alexander Frolov - Wild : 2 - Blues : 2.
11:00 of 2nd period - Ruslan Fedotenko wins face-off versus Jussi Jokinen in neutral zone.
11:15 of 2nd period - Shot by Mikhail Grabovski.
11:15 of 2nd period - Stopped by Jonathan Quick without a rebound.
11:16 of 2nd period - Bobby Ryan wins face-off versus Saku Koivu in Blues zone.
11:20 of 2nd period - Minor Penalty to Milan Jurcina for Holding.
11:21 of 2nd period - Bobby Ryan wins face-off versus Jerred Smithson in Blues zone.
11:37 of 2nd period - Icing by Erik Cole.
11:38 of 2nd period - Bobby Ryan wins face-off versus Saku Koivu in Wild zone.
12:38 of 2nd period - Shot by Marc-Andre Bergeron.
12:38 of 2nd period - Stopped by Jonathan Quick without a rebound.
12:39 of 2nd period - Jerred Smithson wins face-off versus Mikhail Grabovski in Blues zone.
13:08 of 2nd period - Icing by Marc-Andre Bergeron.
13:09 of 2nd period - Jussi Jokinen wins face-off versus Mikhail Grabovski in Wild zone.
13:30 of 2nd period - Shot by Ed Jovanovski.
13:30 of 2nd period - Stopped by Jonathan Quick without a rebound.
13:31 of 2nd period - Matthew Lombardi wins face-off versus Bobby Ryan in Blues zone.
13:45 of 2nd period - Minor Penalty to Jerred Smithson for Interference.
13:46 of 2nd period - Saku Koivu wins face-off versus Bobby Ryan in Blues zone.
13:46 of 2nd period - Saku Koivu is hit by Erik Cole.
14:02 of 2nd period - Dennis Wideman is hit by Erik Cole and loses puck.
15:51 of 2nd period - Shot by Nik Antropov.
15:51 of 2nd period - Shot Misses the Net.
16:35 of 2nd period - Shot by Mikhail Grabovski.
16:35 of 2nd period - Goal by Mikhail Grabovski - Wild : 3 - Blues : 2.
16:36 of 2nd period - Jussi Jokinen wins face-off versus Bobby Ryan in neutral zone.
16:44 of 2nd period - Erik Cole is hit by Jussi Jokinen and loses puck.
16:49 of 2nd period - Shot by Kristian Huselius.
16:49 of 2nd period - Stopped by Roberto Luongo without a rebound.
16:50 of 2nd period - Jussi Jokinen wins face-off versus Nik Antropov in Wild zone.
17:46 of 2nd period - Icing by Tom Gilbert.
17:47 of 2nd period - Saku Koivu wins face-off versus Nik Antropov in Wild zone.
18:59 of 2nd period - Jean-Pierre Dumont is hit by Ruslan Fedotenko and loses puck.
19:16 of 2nd period - Shot by Erik Cole.
19:16 of 2nd period - Deflect By Bobby Ryan.
19:16 of 2nd period - Shot Misses the Net.
19:27 of 2nd period - Mikael Backlund is hit by Bobby Ryan.
19:32 of 2nd period - Icing by Yannick Weber.
19:33 of 2nd period - Mikael Backlund wins face-off versus Bobby Ryan in Blues zone.
19:33 of 2nd period - Mikael Backlund is hit by Bobby Ryan.

Period #3

0:01 of 3rd period - Bobby Ryan wins face-off versus Jussi Jokinen in neutral zone.
0:39 of 3rd period - Off-side.
0:40 of 3rd period - Mikhail Grabovski wins face-off versus Alexander Frolov in neutral zone.
1:05 of 3rd period - Shot by Mikhail Grabovski.
1:05 of 3rd period - Shot Misses the Net.
1:13 of 3rd period - Shot by Kristian Huselius.
1:13 of 3rd period - Deflect By Saku Koivu.
1:13 of 3rd period - Stopped by Roberto Luongo with a rebound.
1:15 of 3rd period - Shot by Milan Jurcina.
1:15 of 3rd period - Goal by Milan Jurcina - Wild : 3 - Blues : 3.
1:16 of 3rd period - Nik Antropov wins face-off versus Mikael Backlund in neutral zone.
1:48 of 3rd period - Shot by Mikael Backlund.
1:48 of 3rd period - Shot Misses the Net.
2:07 of 3rd period - Nik Antropov is hit by Jean-Pierre Dumont and loses puck.
2:18 of 3rd period - Nik Antropov is hit by Chris Kunitz and loses puck.
2:22 of 3rd period - Icing by Joel Ward.
2:23 of 3rd period - Saku Koivu wins face-off versus Nik Antropov in Wild zone.
2:45 of 3rd period - Shot by Saku Koivu.
2:45 of 3rd period - Shot Misses the Net.
3:33 of 3rd period - Minor Penalty to Ruslan Fedotenko for Tripping.
3:34 of 3rd period - Jussi Jokinen wins face-off versus Mikhail Grabovski in Wild zone.
5:06 of 3rd period - Shot by Kristian Huselius.
5:06 of 3rd period - Shot Blocked by Erik Cole.
5:24 of 3rd period - Mike Modano is hit by Saku Koivu and loses puck.
7:12 of 3rd period - Minor Penalty to Bobby Ryan for Tripping.
7:13 of 3rd period - Joel Ward wins face-off versus Saku Koivu in Wild zone.
7:33 of 3rd period - Shot by Saku Koivu.
7:33 of 3rd period - Stopped by Roberto Luongo without a rebound.
7:34 of 3rd period - Mike Modano wins face-off versus Jussi Jokinen in Wild zone.
7:38 of 3rd period - Off-side.
7:39 of 3rd period - Mikhail Grabovski wins face-off versus Jussi Jokinen in neutral zone.
7:45 of 3rd period - Icing by Chris Kunitz.
7:46 of 3rd period - Mikhail Grabovski wins face-off versus Jussi Jokinen in Blues zone.
8:07 of 3rd period - Icing by Milan Jurcina.
8:08 of 3rd period - Jussi Jokinen wins face-off versus Mikhail Grabovski in Blues zone.
8:47 of 3rd period - Icing by Robyn Regehr.
8:48 of 3rd period - Mikhail Grabovski wins face-off versus Saku Koivu in Blues zone.
9:09 of 3rd period - Off-side.
9:10 of 3rd period - Jussi Jokinen wins face-off versus Mikhail Grabovski in neutral zone.
9:13 of 3rd period - Shot by Steve Ott.
9:13 of 3rd period - Shot Misses the Net.
9:28 of 3rd period - Erik Cole is hit by Kent Huskins and loses puck.
9:31 of 3rd period - Shot by Erik Cole.
9:31 of 3rd period - Stopped by Jonathan Quick without a rebound.
9:32 of 3rd period - Daymond Langkow wins face-off versus Mikhail Grabovski in Blues zone.
9:40 of 3rd period - Icing by Michal Rozsival.
9:41 of 3rd period - Mikhail Grabovski wins face-off versus Saku Koivu in Wild zone.
9:41 of 3rd period - Mikhail Grabovski is hit by Alexander Frolov.
9:54 of 3rd period - Shot by Brian Willsie.
9:54 of 3rd period - Stopped by Jonathan Quick without a rebound.
9:55 of 3rd period - Nik Antropov wins face-off versus Daymond Langkow in Blues zone.
10:14 of 3rd period - Chad LaRose is hit by Jerred Smithson.
10:32 of 3rd period - Off-side.
10:33 of 3rd period - Bobby Ryan wins face-off versus Mikael Backlund in neutral zone.
10:54 of 3rd period - Shot by Mikael Backlund.
10:54 of 3rd period - Stopped by Roberto Luongo without a rebound.
10:55 of 3rd period - Mikhail Grabovski wins face-off versus Saku Koivu in Wild zone.
10:55 of 3rd period - Mikhail Grabovski is hit by Alexander Frolov.
11:17 of 3rd period - Shot by Kristian Huselius.
11:17 of 3rd period - Stopped by Roberto Luongo without a rebound.
11:18 of 3rd period - Mikael Backlund wins face-off versus Bobby Ryan in Wild zone.
11:46 of 3rd period - Shot by Jean-Pierre Dumont.
11:46 of 3rd period - Stopped by Roberto Luongo with a rebound.
12:24 of 3rd period - Milan Jurcina is hit by Chad LaRose and loses puck.
12:57 of 3rd period - Off-side.
12:58 of 3rd period - Jussi Jokinen wins face-off versus Mikhail Grabovski in neutral zone.
13:08 of 3rd period - Michal Rozsival is hit by Robyn Regehr and loses puck.
13:55 of 3rd period - Shot by Bobby Ryan.
13:55 of 3rd period - Stopped by Jonathan Quick without a rebound.
13:56 of 3rd period - Saku Koivu wins face-off versus Bobby Ryan in Blues zone.
13:56 of 3rd period - Saku Koivu is hit by Christopher Higgins.
14:06 of 3rd period - Shot by Kristian Huselius.
14:06 of 3rd period - Shot Blocked by Erik Cole.
14:08 of 3rd period - Shot by Milan Jurcina.
14:08 of 3rd period - Stopped by Roberto Luongo without a rebound.
14:08 of 3rd period - Minor Penalty to Ryan Whitney for Tripping.
14:09 of 3rd period - Saku Koivu wins face-off versus Mike Modano in Wild zone.
14:13 of 3rd period - Saku Koivu is hit by Niclas Wallin and loses puck.
14:29 of 3rd period - Minor Penalty to Mikhail Grabovski for Holding.
14:30 of 3rd period - Bobby Ryan wins face-off versus Jussi Jokinen in Wild zone.
14:30 of 3rd period - Bobby Ryan is hit by Steve Ott.
14:44 of 3rd period - Ed Jovanovski is hit by Steve Ott and loses puck.
15:09 of 3rd period - Saku Koivu is hit by Bobby Ryan.
15:10 of 3rd period - Icing by Saku Koivu.
15:11 of 3rd period - Mikael Backlund wins face-off versus Erik Cole in Blues zone.
15:11 of 3rd period - Mikael Backlund is hit by Erik Cole.
15:54 of 3rd period - Milan Jurcina is hit by Joni Pitkanen and loses puck.
16:03 of 3rd period - Shot by Dennis Wideman.
16:03 of 3rd period - Shot Misses the Net.
16:05 of 3rd period - Shot by Milan Jurcina.
16:05 of 3rd period - Stopped by Roberto Luongo without a rebound.
16:06 of 3rd period - Saku Koivu wins face-off versus Erik Cole in Wild zone.
16:25 of 3rd period - Shot by Yannick Weber.
16:25 of 3rd period - Shot Blocked by Adam Foote.
16:27 of 3rd period - Shot by Saku Koivu.
16:27 of 3rd period - Stopped by Roberto Luongo with a rebound.
19:16 of 3rd period - Ryan Whitney is hit by Robyn Regehr and loses puck.
19:23 of 3rd period - Shot by Bobby Ryan.
19:23 of 3rd period - Shot Misses the Net.
19:25 of 3rd period - Shot by Ryan Whitney.
19:25 of 3rd period - Shot Blocked by Dennis Wideman.
19:38 of 3rd period - Ed Jovanovski is hit by Dennis Wideman and loses puck.

Overtime #1

0:01 of 1st overtime period - Jussi Jokinen wins face-off versus Bobby Ryan in neutral zone.
0:23 of 1st overtime period - Shot by Milan Jurcina.
0:23 of 1st overtime period - Stopped by Roberto Luongo without a rebound.
0:24 of 1st overtime period - Saku Koivu wins face-off versus Mikhail Grabovski in Wild zone.
0:25 of 1st overtime period - Shot by Kristian Huselius.
0:25 of 1st overtime period - Shot Blocked by Michal Rozsival.
0:40 of 1st overtime period - Shot by Kristian Huselius.
0:40 of 1st overtime period - Stopped by Roberto Luongo with a rebound.
0:44 of 1st overtime period - Shot by Saku Koivu.
0:44 of 1st overtime period - Shot Misses the Net.
1:04 of 1st overtime period - Saku Koivu is hit by Mikhail Grabovski and loses puck.
3:28 of 1st overtime period - Icing by Christopher Higgins.
3:29 of 1st overtime period - Mikael Backlund wins face-off versus Mikhail Grabovski in Wild zone.
3:36 of 1st overtime period - Shot by Mikael Backlund.
3:36 of 1st overtime period - Stopped by Roberto Luongo without a rebound.
3:37 of 1st overtime period - Matthew Lombardi wins face-off versus Mikhail Grabovski in Wild zone.
4:00 of 1st overtime period - Shot by Kristian Huselius.
4:00 of 1st overtime period - Shot Misses the Net.
4:04 of 1st overtime period - Shot by Yannick Weber.
4:04 of 1st overtime period - Stopped by Roberto Luongo without a rebound.
4:05 of 1st overtime period - Jussi Jokinen wins face-off versus Chad LaRose in Wild zone.

ShootOut

ShootOut - Penalty Shot by Bobby Ryan for Wild.
ShootOut - Stopped by Jonathan Quick.
ShootOut - Penalty Shot by Jussi Jokinen for Blues.
ShootOut - Stopped by Roberto Luongo.
ShootOut - Penalty Shot by Erik Cole for Wild.
ShootOut - Stopped by Jonathan Quick.
ShootOut - Penalty Shot by Kristian Huselius for Blues.
ShootOut - Stopped by Roberto Luongo.
ShootOut - Penalty Shot by Mikhail Grabovski for Wild.
ShootOut - Stopped by Jonathan Quick.
ShootOut - Penalty Shot by Chris Kunitz for Blues.
ShootOut - Shot Misses the Net.
ShootOut - Penalty Shot by Christopher Higgins for Wild.
ShootOut - Goal by Christopher Higgins.
ShootOut - Penalty Shot by Saku Koivu for Blues.
ShootOut - Shot Misses the Net.


Output by the SimonT Hockey Simulator (STHS) for Stephane Roy -- Original Page W3C XHTML 1.0 Valid